Map: Golden Wall LE

Players

Control - Winner!

  • Race: Terran Terran
  • League: Diamond
  • Spawn Location: 7:00

Raven

  • Race: Protoss Protoss
  • League: Gold
  • Spawn Location: 5:00

VOD

Have the link to the VOD?

Description

Time

  • Played on: Sept. 13, 2020, 1:03 p.m.
  • Length: 9:54
Show
View Real Time Build Order
Export as new Build Order

Control Terran - Winner!

Build Orders:  

Get SALT Encoding   

  12  0:01  SCV  
  13  0:13  SCV  
  14  0:17  Supply Depot  
  14  0:25  SCV  
  15  0:39  SCV  
  15  0:41  Barracks  
  16  0:44  Refinery  
  16  0:51  SCV  
  17  1:03  SCV  
  18  1:15  SCV  
  19  1:27  Marine  
  19  1:29  Orbital Command  
  20  1:43  Command Center  
  20  1:47  Barracks Reactor  
  20  1:54  Supply Depot  
  20  1:57  SCV  
  21  2:10  SCV  
  22  2:20  Factory  
  22  2:22  SCV  
  23  2:25  Marine x2  
  23  2:29  Refinery  
  25  2:34  SCV  
  26  2:43  Marine x2  
  28  2:46  SCV  
  28  2:49  Bunker  
  29  2:57  Orbital Command  
  29  2:58  SCV  
  30  3:01  Marine x2  
  32  3:06  Factory Tech Lab  
  32  3:12  Starport  
  32  3:19  Marine x2  
  34  3:21  SCV  
  35  3:29  SCV  
  35  3:34  SCV  
  37  3:35  Supply Depot  
  37  3:38  Marine  
  38  3:41  SCV  
  38  3:46  SCV  
  40  3:49  Siege Tank  
  40  3:52  Medivac  
  40  3:55  SCV  
  46  4:00  Supply Depot  
  46  4:04  SCV  
  47  4:11  Marine x2  
  49  4:18  Barracks  
  49  4:21  Barracks  
  49  4:22  SCV  
  49  4:23  SCV  
  51  4:36  SCV x2  
  51  4:38  Supply Depot  
  53  4:40  Refinery  
  53  4:41  Starport Reactor  
  53  4:42  Marine x2  
  53  4:45  Siege Tank  
  58  4:48  SCV  
  59  4:54  SCV  
  60  5:00  SCV, Marine x2  
  60  5:03  Supply Depot  
  60  5:06  SCV, Refinery  
  64  5:11  Barracks Reactor, Barracks Tech Lab  
  64  5:12  SCV  
  65  5:18  SCV  
  66  5:24  Marine x2  
  68  5:32  Siege Tank  
  68  5:33  Medivac x2  
  75  5:35  Stimpack  
  75  5:42  Marine x2  
  77  5:46  SCV  
  78  5:54  SCV  
  78  5:55  Supply Depot  
  79  5:58  SCV  
  79  5:59  Marine  
  79  6:00  Marine  
  79  6:02  Marine x2  
  79  6:03  Command Center  
  84  6:05  Marauder  
  86  6:17  SCV  
  80  6:40  Liberator x2  
  80  6:44  Marauder, Marine x3  
  80  6:45  Marine  
  91  6:52  Barracks  
  91  6:53  Ghost Academy, Barracks  
  91  6:55  SCV  
  91  6:56  SCV, Engineering Bay  
  91  6:57  Engineering Bay  
  91  7:00  Supply Depot  
  93  7:07  SCV  
  94  7:09  Supply Depot  
  94  7:15  Marauder, Marine x4  
  100  7:18  SCV  
  100  7:20  SCV  
  102  7:24  Supply Depot  
  102  7:27  Terran Infantry Weapons Level 1, Terran Infantry Armor Level 1  
  102  7:33  Supply Depot  
  103  7:37  Marauder  
  103  7:38  SCV x2  
  105  7:47  Supply Depot  
  105  7:50  SCV x2  
  107  7:51  Siege Tank  
  107  7:53  Marine  
  107  7:54  Barracks Tech Lab x2  
  107  7:55  Combat Shield  
  117  7:58  Marauder  
  117  7:59  Liberator  
  117  8:02  SCV x2  
  117  8:05  Supply Depot, Personal Cloaking  
  118  8:08  Marine x2  
  118  8:12  Orbital Command  
  120  8:19  Marauder  
  122  8:22  Supply Depot, Missile Turret  
  122  8:30  Missile Turret x2  
  122  8:31  Supply Depot, Missile Turret  
  122  8:44  Armory, Ghost  
  122  8:45  Ghost  
  122  8:47  Marine  
  127  8:56  SCV  
  127  8:57  SCV x2  
  127  9:01  Supply Depot  
  130  9:05  Supply Depot  
  130  9:08  SCV  
  130  9:09  SCV x2  
  133  9:21  SCV x2  
  135  9:24  Missile Turret  
  135  9:29  Marauder, Marine  
  135  9:30  Marauder x2, Marine x3  
Show
View Real Time Build Order
Export as new Build Order

Raven Protoss 

Build Orders: 1 Gate Expand, Blink Stalkers 

Get SALT Encoding   

  12  0:00  Probe  
  13  0:12  Probe (Chrono Boost)  
  14  0:18  Pylon  
  14  0:25  Probe (Chrono Boost)  
  15  0:34  Probe (Chrono Boost)  
  15  0:37  Gateway  
  16  0:45  Probe  
  16  0:46  Assimilator  
  17  0:57  Probe (Chrono Boost)  
  18  1:09  Probe (Chrono Boost)  
  19  1:17  Probe (Chrono Boost)  
  20  1:23  Probe  
  21  1:29  Cybernetics Core  
  21  1:35  Probe  
  22  1:44  Nexus  
  22  1:48  Pylon  
  22  1:53  Assimilator  
  22  1:57  Probe  
  23  2:07  Warp Gate  
  22  2:08  Stalker (Chrono Boost)  
  22  2:09  Probe  
  25  2:23  Probe  
  26  2:31  Stalker  
  26  2:35  Probe  
  29  2:43  Twilight Council  
  29  2:47  Probe, Pylon  
  30  2:59  Probe (Chrono Boost)  
  30  3:02  Gateway  
  32  3:09  Probe (Chrono Boost)  
  32  3:12  Probe (Chrono Boost)  
  33  3:18  Zealot  
  35  3:25  Probe  
  35  3:26  Probe  
  37  3:30  Blink (Chrono Boost)  
  37  3:37  Probe  
  37  3:39  Probe  
  39  3:47  Assimilator  
  41  3:49  Probe  
  41  3:52  Assimilator  
  42  3:57  Probe  
  43  4:04  Stalker  
  43  4:20  Probe x2  
  43  4:22  Stalker  
  43  4:23  Nexus  
  47  4:25  Pylon  
  47  4:28  Assimilator  
  47  4:32  Probe x2  
  49  4:43  Robotics Facility  
  49  4:44  Probe x2  
  51  4:46  Stalker x2  
  55  4:56  Probe x2  
  57  5:08  Probe x2  
  57  5:11  Gateway  
  57  5:14  Gateway  
  59  5:18  Sentry  
  59  5:20  Probe  
  62  5:32  Probe x2  
  62  5:33  Pylon  
  61  5:44  Probe x2  
  61  5:48  Warp Prism  
  65  5:56  Probe  
  65  5:57  Probe  
  67  6:01  Forge  
  67  6:08  Probe, Robotics Bay  
  68  6:13  Probe  
  68  6:16  Probe  
  70  6:20  Probe  
  71  6:25  Probe  
  71  6:28  Probe  
  71  6:31  Stalker x2  
  77  6:36  Probe  
  78  6:46  Pylon x2  
  78  7:04  Probe x3  
  78  7:07  Protoss Ground Weapons Level 1 (Chrono Boost)  
  81  7:16  Probe x2  
  81  7:21  Zealot x2  
  87  7:23  Extended Thermal Lance (Chrono Boost)  
  87  7:33  Probe x2, Colossus (Chrono Boost)  
  91  7:44  Probe  
  92  7:45  Probe  
  93  7:53  Pylon  
  93  7:54  Pylon  
  93  7:55  Pylon  
  93  7:58  Pylon  
  93  8:11  Probe  
  94  8:19  Gateway  
  94  8:20  Gateway, Colossus  
  94  8:22  Gateway  
  94  8:23  Probe  
  94  8:24  Probe, Gateway  
  94  8:25  Gateway  
  102  8:28  Pylon  
  102  8:29  Stalker x4  
  102  8:30  Pylon  
  102  8:32  Pylon  
  110  8:38  Probe  
  111  8:56  Probe  
  112  9:08  Stalker x4  
  120  9:10  Probe  
  120  9:11  Probe  
Tags
 
Composition
Blink Stalkers
Matchup
PvT
Replay Pack
customs01
Spawn Locations
Close Positions
Add a new tag
Caveats
  • Supply blocks, unpowered buildings, or Contaminate may cause inaccurate times.
  • Supply counts are checked every 10 seconds.